 Dungeon Crawl Stone Soup version 0.16-a0-2010-g98bc240 (webtiles) character file.

1805 timbw the Archer (level 8, 0/68 HPs)
             Began as a Centaur Hunter on Nov 9, 2014.
             Was an Initiate of the Shining One.
             Slain by a killer bee (5 damage)
             ... on level 11 of the Dungeon.
             The game lasted 00:20:03 (5363 turns).

timbw the Archer (Centaur Hunter)                   Turns: 5363, Time: 00:20:03

Health: 0/68       AC: 10    Str: 22      XL:     8   Next: 84%
Magic:  6/6        EV:  3    Int: 10      God:    the Shining One [......]
Gold:   97         SH:  0    Dex:  7 (10) Spells: 0 memorised, 7 levels left

rFire  . . .     SeeInvis .     b - +3 shortbow
rCold  . . .     Clarity  .     D - +0 plate armour
rNeg   . . .     SustAb   .     (no shield)
rPois  +         Gourm    .     k - +1 hat
rElec  .         Spirit   .     E - +0 cloak
rCorr  .         Warding  .     (no gloves)
rMut   .         Stasis   .     (no barding)
MR     .....                    (no amulet)
Stlth  ..........               w - ring of flight
                                i - ring of poison resistance

@: mighty, lethally poisoned, very quick, not resistant to hostile enchantments,
extremely unstealthy
A: hooves 3, deformed body, speed 2, tough skin 3
a: Renounce Religion, Evoke Flight


You were on level 11 of the Dungeon.
You worshipped the Shining One.
The Shining One was noncommittal.
You were not hungry.

You visited 1 branch of the dungeon, and saw 11 of its levels.

You collected 181 gold pieces.
You spent 84 gold pieces at shops.

Inventory:

Hand weapons
 a - a +0 quarterstaff
 b - a +3 shortbow (weapon)
 o - a +0 short sword
 F - a +2 shortbow
Missiles
 c - 68 arrows
 r - 10 poisoned arrows
 v - 4 arrows of frost (quivered)
Armour
 d - a +1 leather armour
 k - a +1 hat (worn)
 m - a +0 ring mail
 q - a +0 chain mail
 D - a +0 plate armour (worn)
 E - a +0 cloak (worn)
Jewellery
 i - a ring of poison resistance (left hand)
 u - an uncursed ring of sustain abilities
 w - a ring of flight (right hand)
Magical devices
 C - a wand of disintegration (14)
Scrolls
 e - a scroll of fear
 y - 2 scrolls of fog
Potions
 g - a potion of agility
 h - a potion of flight {unknown}
 j - a potion of cancellation {unknown}
 n - a potion of poison {unknown}
 p - 2 potions of degeneration
 x - a potion of confusion {unknown}
 z - 2 potions of curing {unknown}
 B - a potion of brilliance {unknown}
Comestibles
 f - 2 chunks of flesh
 s - a meat ration
 A - 5 fruits


   Skills:
 + Level 5.2 Fighting
 * Level 6.1 Staves
 * Level 11.2 Bows
 - Level 1.3 Dodging
 - Level 0.5 Stealth


You had 7 spell levels left.
You didn't know any spells.

Dungeon Overview and Level Annotations

Branches:
Dungeon (11/15)              Lair (0/8) D:8
 Temple: D:4-7          Orc: D:9-12

Altars:
Fedhas
Gozag
The Shining One

Shops:
D:4 :   D:7 [   D:8 !

Annotations:
D:5 Eustachio
D:8 Gastronok


Innate Abilities, Weirdness & Mutations

You have hooves in place of feet.
Armour fits poorly on your strangely shaped body.
You cover ground very quickly.
You have extremely tough skin (AC +3).


Message History

The arrow of frost barely misses the killer bee.
* * * LOW HITPOINT WARNING * * *
You feel sick. The killer bee completely misses you.
The killer bee stings you but does no damage.
Firing (i - inventory. (,) - cycle):
v - 6 arrows of frost (quivered)
Press: ? - help, Shift-Dir - straight line, f/p - killer bee
Aim: a killer bee (severely wounded)
You shoot an arrow of frost.
The arrow of frost misses the killer bee.
* * * LOW HITPOINT WARNING * * *
You feel sick.
The killer bee stings you but does no damage.
Firing (i - inventory. (,) - cycle):
v - 5 arrows of frost (quivered)
Press: ? - help, Shift-Dir - straight line, f/p - killer bee
Aim: a killer bee (severely wounded)
You shoot an arrow of frost.
The arrow of frost misses the killer bee.
* * * LOW HITPOINT WARNING * * *
You feel sick. The killer bee stings you.
You die...

#.......#
#.......+
+.......#
#.......#
#...<<..#
####T####
#J# ##y#
#@.#
#.(.##
#.### #..
#. #. #


You could see a troll, a jelly and a killer bee.

Vanquished Creatures
  Grum (D:8)
  A water moccasin (D:7)
  2 wolves (D:8)
  2 ogres
  A black bear (D:7)
  3 centaurs
  A wyvern zombie (D:6)
  3 giant frogs
  A scorpion (D:8)
  2 goliath beetles (D:7)
  A crimson imp (D:6)
  A jelly (D:11)
  A quasit (D:7)
  A hound (D:7)
  3 iguanas
  4 orc wizards
  3 worker ants
  A big kobold zombie (D:7)
  An adder (D:2)
  4 gnolls
  A worm (D:4)
  An iguana zombie (D:8)
  4 giant geckos
  14 orcs
  A giant cockroach (D:4)
  8 goblins
  3 hobgoblins
  A quokka (D:2)
  4 bats
  4 giant newts
  3 jackals (D:5)
  A kobold skeleton (D:4)
  7 rats
  A rat skeleton (D:7)
90 creatures vanquished.

Vanquished Creatures (others)
  9 plants (D:8)
9 creatures vanquished.

Grand Total: 99 creatures vanquished

Notes
Turn   | Place    | Note
--------------------------------------------------------------
     0 | D:1      | timbw, the Centaur Hunter, began the quest for the Orb.
     0 | D:1      | Reached XP level 1. HP: 17/17 MP: 1/1
   257 | D:1      | Reached XP level 2. HP: 12/24 MP: 2/2
   259 | D:1      | Reached skill level 6 in Bows
   543 | D:3      | Reached XP level 3. HP: 22/29 MP: 3/3
   910 | D:4      | Found an opulent altar of Gozag.
  1015 | D:4      | Reached skill level 1 in Staves
  1015 | D:4      | Reached skill level 7 in Bows
  1062 | D:4      | Reached XP level 4. HP: 36/36 MP: 3/3
  1081 | D:4      | Found a blossoming altar of Fedhas.
  1087 | D:4      | Noticed a centaur
  1109 | D:4      | Killed a centaur
  1109 | D:4      | Reached XP level 5. HP: 17/42 MP: 4/4
  1235 | D:4      | Noticed an ogre
  1288 | D:4      | Killed an ogre
  1288 | D:4      | Reached skill level 8 in Bows
  1352 | D:4      | Found Shofob's Book Shop.
  1372 | D:5      | Entered Level 5 of the Dungeon
  1372 | D:5      | Noticed Eustachio
  1372 | D:5      | Noticed an ogre
  1455 | D:5      | Killed an ogre
  1455 | D:5      | Reached XP level 6. HP: 22/51 MP: 5/5
  1875 | D:7      | Found Steba's Antique Armour Shoppe.
  2105 | D:7      | Reached skill level 9 in Bows
  2105 | D:7      | Reached XP level 7. HP: 17/57 MP: 5/5
  2737 | D:8      | Found Freuv's Distillery.
  2797 | D:7      | Found a glowing golden altar of the Shining One.
  2806 | D:7      | Became a worshipper of the Shining One
  3051 | D:8      | Noticed Grum
  3140 | D:8      | Reached skill level 10 in Bows
  3140 | D:8      | Reached XP level 8. HP: 12/66 MP: 6/6
  3167 | D:8      | Killed Grum
  3167 | D:8      | Reached skill level 5 in Staves
  3420 | D:8      | Noticed Gastronok
  3447 | D:8      | Found a staircase to the Lair.
  3447 | D:8      | Noticed a komodo dragon
  3905 | D:7      | Bought an embroidered hat for 84 gold pieces
  3992 | D:7      | Noticed a water moccasin
  4012 | D:7      | Killed a water moccasin
  4399 | D:7      | Reached skill level 5 in Fighting
  4548 | D:7      | Reached skill level 11 in Bows
  4694 | D:7      | HP: 3/68 [giant frog (4)]
  5340 | D:10     | Entered Level 10 of the Dungeon
  5344 | D:11     | Noticed a troll
  5363 | D:11     | Slain by a killer bee

Action                   |  1- 3 |  4- 6 |  7- 9 || total
-------------------------+-------+-------+-------++-------
Melee: Short sword       |    54 |       |       ||    54
       Quarterstaff      |    21 |    38 |   151 ||   210
 Fire: Shortbow          |    37 |    92 |   182 ||   311
  Use: Scroll            |       |     6 |     9 ||    15
       Potion            |       |       |     2 ||     2
  Eat: Chunk             |     1 |       |     1 ||     2
       Beef jerky        |       |     1 |       ||     1
       Bread ration      |       |       |     2 ||     2
